 Dungeon Crawl Stone Soup version 0.27-a0-1149-g4505690ab0 (webtiles) character file.

Game seed: 14604896511148870837

120989 freelancePsychic the Acrobat (level 16, -4/174 HPs)
             Began as a Merfolk Transmuter on May 12, 2021.
             Was an Initiate of Gozag.
             Slain by a demonic crawler (12 damage)
             ... on level 2 of the Spider Nest.
             The game lasted 01:31:31 (26325 turns).

freelancePsychic the Acrobat (Merfolk Transmuter)  Turns: 26325, Time: 01:31:32

Health: -4/174     AC:  8    Str: 13    XL:     16   Next: 83%
Magic:  16/19      EV: 22    Int: 16    God:    Gozag
Gold:   43         SH:  0    Dex: 15    Spells: 1/19 levels left

rFire    . . .     SeeInvis .     - Unarmed
rCold    . . .     Faith    .   (shield currently unavailable)
rNeg     . . .     Spirit   .   (armour currently unavailable)
rPois    +         Reflect  .   (helmet currently unavailable)
rElec    .         Harm     .   (cloak currently unavailable)
rCorr    +         Rampage  .   (gloves currently unavailable)
Will     +....     Clarity  +   (boots currently unavailable)
Stlth    +.........             f - amulet of regeneration
HPRegen  1.39/turn              C - +4 ring of evasion
MPRegen  0.16/turn              H - ring of resist corrosion

@: hydra-form
A: fast swimmer, devour, boosted hp, very large, (nimble swimmer 2), (mertail),
clarity
a: End Transformation, Renounce Religion, Potion Petition, Call Merchant, Bribe
Branch


You were on level 2 of the Spider Nest.
You worshipped Gozag.
Gozag was noncommittal.
You were a four-headed hydra.
You visited 4 branches of the dungeon, and saw 26 of its levels.
You also visited: Ice Cave.

You collected 6056 gold pieces.
You spent 1941 gold pieces at shops.
You paid 4072 gold pieces to Gozag.

Inventory:

Missiles
 q - 6 boomerangs of dispersal
 E - 2 throwing nets
Armour
 l - a +2 robe of willpower (melded)
 K - a +1 cloak of willpower (melded)
Jewellery
 f - an amulet of regeneration (around neck)
 k - a +6 ring of intelligence
 s - a +4 ring of protection
 v - the ring "Waemosi" {rC+ Int+3}
   (You acquired it on level 4 of the Lair of Beasts)

   [ring of protection from cold]

   It affects your intelligence (+3).
   It protects you from cold.
 y - an amulet of the acrobat
 C - a +4 ring of evasion (left foreclaw)
 F - a ring of fire
 H - a ring of resist corrosion (right foreclaw)
 M - a ring of protection from fire
 N - an amulet of reflection
 Y - a ring of ice
Wands
 i - a wand of iceblast (9)
 u - a wand of charming (21)
 z - a wand of digging (4)
 J - a wand of polymorph (22)
 L - a wand of flame (42)
 P - a wand of mindburst (8)
 R - a wand of acid (5)
 W - a wand of paralysis (12)
Scrolls
 a - 7 scrolls of fog
 b - 11 scrolls of teleportation {@r4}
 e - 2 scrolls of fear
 g - 10 scrolls of identify {@r1}
 n - 2 scrolls of torment
 o - 4 scrolls of enchant armour
 p - 2 scrolls of magic mapping
 r - 4 scrolls of enchant weapon
 w - a scroll of brand weapon {unknown}
 D - 4 scrolls of immolation
 G - a scroll of amnesia
 X - a scroll of holy word
Potions
 c - 3 potions of haste {@q3}
 d - 3 potions of brilliance
 h - 7 potions of lignification
 j - 2 potions of might
 m - 7 potions of heal wounds {@q2}
 t - 2 potions of mutation
 x - 2 potions of flight {unknown}
 A - a potion of magic {unknown}
 B - 2 potions of invisibility {unknown}
 I - 7 potions of curing {@q1}
 S - 3 potions of attraction {unknown}
 T - 2 potions of berserk rage {unknown}
 U - 2 potions of ambrosia {unknown}
 V - a potion of resistance
Miscellaneous
 O - a tin of tremorstones (2/2)
 Q - a box of beasts


   Skills:
 - Level 14.5 Fighting
 - Level 23.3 Dodging
 - Level 14.9 Unarmed Combat
 - Level 2.0 Spellcasting
 + Level 14.8 Transmutations
 - Level 3.0 Ice Magic
 - Level 5.0 Earth Magic
 - Level 2.0 Poison Magic


You had one spell level left.
You knew the following spells:

 Your Spells              Type           Power      Damage    Failure   Level
a - Statue Form           Tmut/Erth      22%        N/A       47%         6
b - Spider Form           Tmut/Pois      14%        N/A       1%          3
c - Ice Form              Ice/Tmut       30%        N/A       5%          4
d - Hydra Form            Tmut           24%        N/A       1%          5

Your spell library contained the following spells:

 Spells                   Type           Power      Damage    Failure   Level
 Beastly Appendage        Tmut           98%        N/A       1%          1
 Freeze                   Ice            44%        1d6       6%          1
 Animate Skeleton         Necr           2%         N/A       21%         1
 Apportation              Tloc           2%         N/A       21%         1
 Corona                   Hex            1%         N/A       21%         1
 Foxfire                  Conj/Fire      4%         2x1d4     21%         1
 Pain                     Necr           4%         1d4       21%         1
 Summon Small Mammal      Summ           4%         N/A       21%         1
 Wereblood                Tmut           49%        N/A       1%          2
 Ensorcelled Hibernation  Hex/Ice        12%        N/A       17%         2
 Frozen Ramparts          Ice            22%        1d4       19%         3
 Ozocubu's Armour         Ice            11%        N/A       19%         3
 Poisonous Vapours        Pois/Air       8%         N/A       21%         2
 Call Imp                 Summ           1%         N/A       30%         2
 Static Discharge         Conj/Air       1%         N/A       30%         2
 Call Canine Familiar     Summ           1%         N/A       52%         3
 Confusing Touch          Hex            1%         N/A       52%         3
 Dazzling Flash           Conj/Hex       2%         N/A       52%         3
 Summon Guardian Golem    Hex/Summ       1%         N/A       52%         3
 Swiftness                Air            1%         N/A       52%         3
 Tukima's Dance           Hex            1%         N/A       52%         3
 Animate Armour           Summ/Erth      18%        N/A       58%         4
 Leda's Liquefaction      Hex/Erth       4%         N/A       58%         4
 Hailstorm                Conj/Ice       6%         3d4       73%         4
 Summon Ice Beast         Ice/Summ       6%         N/A       73%         4
 Animate Dead             Necr           0%         N/A       90%         4
 Summon Lightning Spire   Summ/Air       1%         N/A       90%         4
 Borgnjor's Vile Clutch   Necr/Erth      4%         N/A       90%         5
 Bolt of Magma            Conj/Fire/Erth 3%         4d5       96%         5
 Metabolic Englaciation   Hex/Ice        3%         N/A       97%         5
 Iron Shot                Conj/Erth      4%         9d2       100%        6
 Starburst                Conj/Fire      0%         8x6d3     100%        6
 Shatter                  Erth           8%         3d10*     100%        9


Dungeon Overview and Level Annotations

Branches:
Dungeon (15/15)            Temple (0/1) D:7            Lair (6/6) D:9
 Shoals (0/4) Lair:2       Spider (3/4) Lair:3        Slime (0/5) Lair:6
    Orc (2/2) D:11            Elf (0/3) Orc:2        Vaults (0/5) D:13
 Depths (0/5) D:15          IceCv (visited)

Altars:
Cheibriados
Dithmenos
Elyvilon
Fedhas
Gozag
Kikubaaqudgha
Makhleb
Qazlal
Ru
Sif Muna
Trog
Vehumet
Xom
Beogh

Shops:
D:3 ?   D:10 :   D:15 :   Orc:2 ==:*   Lair:4 !

Portals:
Trove: D:10 (give 12 potions of heal wounds)

Annotations:
D:3 2 transporters
D:6 Edmund; benadryl's ghost, novice TrFi
D:15 Rupert


Innate Abilities, Weirdness & Mutations

You are a four-headed hydra.
You swim very quickly.
You can devour living enemies to heal.
Your maximum health is greatly increased.
Your armour is entirely melded.
You are incapable of wielding weapons or throwing items.
((You are quick and stealthy near water. (Stealth+, EV+, Speed+++)))
((Your lower body shifts to a powerful aquatic tail in water.))
You possess an exceptional clarity of mind.


Message History

You bite the tarantella!
The tarantella is almost dead.
You nip at the emperor scorpion.
You bite the demonic crawler! The demonic crawler closely misses you.
The demonic crawler hits you but does no damage. x2
The tarantella bites you!
You feel momentarily confused.
The emperor scorpion completely misses you.
The emperor scorpion claws you! x2
You barely miss the tarantella.
The tarantella is almost dead.
You nip at the demonic crawler.
You barely miss the emperor scorpion. The demonic crawler misses you.
The demonic crawler hits you! The demonic crawler misses you.
The tarantella bites you but does no damage.
You closely miss the tarantella.
The tarantella is almost dead.
You nip at the demonic crawler but do no damage.
You barely miss the emperor scorpion. The tarantella bites you!
You feel momentarily confused. The emperor scorpion stings you!!
* * * LOW HITPOINT WARNING * * *
The emperor scorpion claws you!
* * * LOW HITPOINT WARNING * * *
The emperor scorpion closely misses you.
The demonic crawler completely misses you.
The demonic crawler hits you but does no damage.
The demonic crawler misses you. The tarantella misses you.
The demonic crawler hits you but does no damage.
The demonic crawler hits you!
* * * LOW HITPOINT WARNING * * *
The demonic crawler completely misses you.
The tarantella misses you. The demonic crawler misses you.
The demonic crawler hits you.
* * * LOW HITPOINT WARNING * * *
The demonic crawler closely misses you. The demonic crawler hits you!
* * * LOW HITPOINT WARNING * * *
The demonic crawler hits you but does no damage.
The demonic crawler hits you!
You die...
Your body crumbles into a pile of gold.

#...#..# #### # .^#..###
#^. .. ...#..## ####..
##.. $ ..#.#..#
##....##..# .
#..#.#.###...#..... ..
..#.....# #..#..## #..#
.#^..######^....s# ...$
..#....(.#.....ss#[.##.#
#.(.#...<##.#...D.....#
#....###.....##...<####
..#.......#.#.#.......
#..^.#.#..#.##...^...#..
$
..####≈^...##.......#.^
...# ##^..#^≈......#.#.#
.#.#####..#≈.#..#.......
...#≈≈#.#.≈≈#... ...#..
#..≈.≈#..#. ..


You could see an emperor scorpion, a demonic crawler and a tarantella.

Vanquished Creatures
  Agnes (Spider:1)
  An emperor scorpion (Lair:3)
  An entropy weaver (Spider:1)
  Snorg (D:12)
  An ettin (Orc:2)
  2 fire dragons
  2 ice dragons
  2 ogre magi (Orc:2)
  9 hydras
  6 boulder beetles
  2 catoblepae
  4 centaur warriors
  2 death knights (D:15)
  12 two-headed ogres
  9 death yaks
  2 tengu warriors (D:15)
  2 orc high priests (Orc:2)
  An iron troll (D:13)
  A fire crab (shapeshifter) (D:15)
  3 skeletal warriors (D:12)
  2 deep trolls (Orc:2)
  A swamp dragon (Lair:6)
  2 lindwurms (Lair:6)
  A deep elf pyromancer (D:14)
  13 ugly things
  5 orb spiders
  An orc knight (Orc:2)
  14 wolf spiders
  An orc sorcerer (Orc:2)
  7 cyclopes
  A moth of wrath (Spider:2)
  A salamander (shapeshifter) (D:13)
  2 manticores
  3 elephants (Lair:6)
  3 ice statues (IceCv)
  3 black mambas
  5 torpor snails (Lair:6)
  2 efreet
  A gargoyle (D:10)
  A kobold demonologist (D:9)
  Maggie (D:6)
  10 cane toads
  9 demonic crawlers
  3 rime drakes
  4 yaktaurs (D:15)
  8 komodo dragons
  11 trolls
  19 jumping spiders
  3 meliai (D:14)
  4 polar bears
  7 hornets
  A meliai (shapeshifter) (D:13)
  18 blink frogs
  4 tyrant leeches (Lair:6)
  A wind drake (Lair:2)
  4 slime creatures (D:15)
  7 dream sheep
  27 redbacks
  A shadow (D:11)
  11 tarantellas
  3 wraiths (D:13)
  34 yaks
  4 basilisks
  A human (shapeshifter) (D:13)
  7 wyverns
  3 steam dragons (Lair:6)
  4 vampire mosquitoes
  An acid dragon (Lair:6)
  3 wargs
  17 water moccasins
  Duvessa (D:5)
  A swamp drake (Lair:6)
  6 ice beasts (IceCv)
  15 orc warriors
  4 sky beasts
  A necrophage (D:8)
  4 black bears
  A wolf (Lair:1)
  22 ogres
  7 centaurs
  A phantom (D:6)
  19 bullfrogs
  3 kobold brigands
  3 gnoll sergeants
  5 scorpions
  Dowan (D:5)
  5 killer bees
  2 vampire bats (D:8)
  14 wights
  4 electric eels
  2 howler monkeys
  3 centaur zombies
  5 hounds
  A centaur skeleton (D:4)
  12 orc priests
  2 bullfrog skeletons
  An iron imp (D:7)
  4 iguanas
  7 orc wizards
  Ijyb (D:4)
  A killer bee zombie (D:8)
  A hound zombie (D:4)
  A hound skeleton (D:4)
  2 howler monkey zombies
  A howler monkey skeleton (D:7)
  14 gnolls
  11 adders
  A shadow imp (D:7)
  An ufetubus (D:4)
  An adder zombie (D:4)
  2 dart slugs (D:3)
  28 orcs
  3 ball pythons
  3 bat skeletons (D:8)
  3 bat zombies (D:8)
  6 endoplasms
  3 giant cockroaches
  4 hobgoblins
  17 jackals
  5 quokkas
  4 bats (D:1)
  A frilled lizard (D:3)
  11 kobolds
  7 rats
  A fire vortex (D:11)
652 creatures vanquished.

Vanquished Creatures (collateral kills)
  A blink frog (Lair:6)
1 creature vanquished.

Vanquished Creatures (others)
  An ice dragon (D:15)
  34 fungi
  81 plants
116 creatures vanquished.

Grand Total: 769 creatures vanquished

Notes
Turn   | Place    | Note
-------+----------+-------------------------------------------
     0 | D:1      | freelancePsychic the Merfolk Transmuter began the quest for
                  | the Orb.
     0 | D:1      | Reached XP level 1. HP: 15/15 MP: 3/3
   378 | D:1      | Reached XP level 2. HP: 19/21 MP: 3/5
   940 | D:1      | Reached XP level 3. HP: 20/26 MP: 4/6
  1171 | D:1      | Learned a level 3 spell: Spider Form
  1653 | D:2      | Reached skill level 1 in Poison Magic
  1741 | D:2      | Reached XP level 4. HP: 32/32 MP: 4/7
  1798 | D:2      | Reached skill level 5 in Transmutations
  2376 | D:3      | Reached skill level 3 in Dodging
  2424 | D:3      | You fall into a shaft and drop 1 floor!
  2434 | D:3      | Found a shadowy altar of Dithmenos.
  2554 | D:3      | Found a transporter.
  2682 | D:3      | Found a transporter.
  2794 | D:3      | Identified Dyamurph's Guide on Igneous Darkness
  2946 | D:3      | Reached XP level 5. HP: 37/37 MP: 4/8
  3063 | D:3      | Reached skill level 4 in Dodging
  3108 | D:3      | Found Beuxtif's Magic Scroll Emporium.
  3273 | D:4      | Reached skill level 5 in Dodging
  3356 | D:4      | Identified the +1 buckler "Kuofat" {rN++ Str+4 Int-5
                  | Stlth+}
  3396 | D:4      | Reached XP level 6. HP: 43/43 MP: 2/9
  3533 | D:4      | Reached skill level 1 in Ice Magic
  3960 | D:4      | Reached skill level 6 in Dodging
  3992 | D:4      | Reached XP level 7. HP: 48/48 MP: 6/10
  4032 | D:4      | Noticed Ijyb
  4050 | D:4      | Killed Ijyb
  4234 | D:5      | Entered Level 5 of the Dungeon
  4245 | D:5      | Reached skill level 7 in Dodging
  4526 | D:5      | Reached skill level 8 in Dodging
  4567 | D:5      | Noticed Duvessa
  4580 | D:5      | Killed Duvessa
  4581 | D:5      | Reached XP level 8. HP: 54/54 MP: 8/11
  4610 | D:5      | Found a bloodstained altar of Trog.
  4615 | D:5      | Noticed Dowan
  4621 | D:5      | Killed Dowan
  4642 | D:5      | Found a shimmering blue altar of Sif Muna.
  4645 | D:5      | Identified Sif Muna's Almanac of Displaced Malediction
  4774 | D:5      | Reached skill level 9 in Dodging
  5117 | D:6      | Found a runed translucent gate.
  5118 | D:6      | Found a runed translucent gate.
  5118 | D:6      | Found an opulent altar of Gozag.
  5119 | D:6      | Found a runed translucent gate.
  5123 | D:6      | Noticed benadryl's ghost (novice TrFi)
  5196 | D:6      | Reached skill level 10 in Dodging
  5248 | D:6      | Became a worshipper of Gozag Ym Sagoz the Greedy
  5278 | D:6      | Noticed Maggie
  5447 | D:6      | Reached XP level 9. HP: 62/62 MP: 10/12
  5592 | D:6      | Reached skill level 11 in Dodging
  5599 | D:6      | Learned a level 4 spell: Ice Form
  5811 | D:6      | Identified the +9 dagger of Venimum {elec, rPois rN++ Int-4
                  | SInv}
  5855 | D:6      | Killed Maggie
  5856 | D:6      | Reached skill level 5 in Unarmed Combat
  5963 | D:6      | Noticed Edmund
  6119 | D:7      | Found a snail-covered altar of Cheibriados.
  6252 | D:7      | Identified the Papyrus of Entrancing Feathers
  6289 | D:7      | Found a staircase to the Ecumenical Temple.
  6874 | D:8      | Found a white marble altar of Elyvilon.
  6874 | D:8      | Found a faded altar of an unknown god.
  6879 | D:8      | Reached skill level 5 in Fighting
  6906 | D:8      | Found a shimmering altar of Xom.
  6908 | D:8      | Found a faded altar of an unknown god.
  6910 | D:8      | Found a stormy altar of Qazlal.
  7002 | D:8      | Reached skill level 12 in Dodging
  7021 | D:8      | Reached XP level 10. HP: 51/74 MP: 13/13
  7172 | D:8      | Found an ancient bone altar of Kikubaaqudgha.
  7919 | D:8      | Learned a level 5 spell: Hydra Form
  8284 | D:9      | Reached skill level 13 in Dodging
  8346 | D:9      | Found a burning altar of Makhleb.
  8604 | D:9      | Noticed a kobold demonologist
  8623 | D:9      | Noticed a rust devil
  8644 | D:9      | Noticed a rust devil
  8650 | D:9      | Killed a kobold demonologist
  8713 | D:9      | Noticed a centaur warrior
  8722 | D:9      | Killed a centaur warrior
  8723 | D:9      | Reached XP level 11. HP: 60/86 MP: 10/14
  8758 | D:9      | Noticed a purple ugly thing
  8986 | D:9      | Identified the ring "Ykuo" {Fly rN+ Str-5 Stlth+}
  9171 | D:9      | Found a blossoming altar of Fedhas.
  9226 | D:9      | Found a staircase to the Lair.
  9318 | D:9      | Found a sacrificial altar of Ru.
  9414 | Lair:1   | Entered Level 1 of the Lair of Beasts
  9453 | Lair:1   | Reached skill level 14 in Dodging
  9709 | Lair:1   | Noticed a six-headed hydra
  9723 | Lair:1   | Killed a six-headed hydra
  9861 | Lair:1   | Reached skill level 10 in Unarmed Combat
 10854 | Lair:2   | Noticed a five-headed hydra
 10901 | Lair:2   | Noticed a five-headed hydra
 11114 | Lair:2   | Noticed a five-headed hydra
 11153 | Lair:3   | Noticed a catoblepas
 11177 | Lair:3   | Killed a catoblepas
 11178 | Lair:3   | Reached skill level 10 in Fighting
 11178 | Lair:3   | Reached skill level 15 in Dodging
 11178 | Lair:3   | Reached XP level 12. HP: 84/97 MP: 9/15
 11202 | Lair:3   | Found a frozen archway.
 11215 | IceCv    | Entered an ice cave
 11730 | Lair:3   | Found a hole to the Spider Nest.
 12827 | Lair:4   | Reached skill level 16 in Dodging
 13368 | Lair:4   | Identified the +7 glaive of World Downfall {spect, rF+
                  | Dex+8}
 13922 | Lair:4   | Reached XP level 13. HP: 107/107 MP: 12/16
 14064 | Lair:4   | Bought a potion of might for 60 gold pieces
 14064 | Lair:4   | Bought a potion of heal wounds for 75 gold pieces
 14064 | Lair:4   | Bought a potion of resistance for 150 gold pieces
 14065 | Lair:4   | Identified 2 scrolls of acquirement
 14066 | Lair:4   | Acquired the ring "Waemosi" {rC+ Int+3}
 14067 | Lair:4   | Acquired 614 gold pieces
 14318 | Lair:5   | Identified the +0 chain mail "Kepaehusm" {rN+ Regen+}
 14616 | Lair:5   | You fall into a shaft and drop 1 floor!
 14616 | Lair:6   | Entered Level 6 of the Lair of Beasts
 14632 | Lair:6   | Noticed a fire dragon
 14649 | Lair:6   | Killed a fire dragon
 14886 | Lair:6   | Gained mutation: You are frail. (-10% HP) [mutagenic glow]
 14900 | Lair:6   | Gained mutation: You tend to lose your temper in combat.
                  | [mutagenic glow]
 14914 | Lair:6   | HP: 4/98 [blink frog (19)]
 14959 | Lair:6   | Reached skill level 17 in Dodging
 15153 | Lair:6   | Lost mutation: You are frail. (-10% HP) [potion of
                  | mutation]
 15153 | Lair:6   | Lost mutation: You tend to lose your temper in combat.
                  | [potion of mutation]
 15153 | Lair:6   | Gained mutation: You possess an exceptional clarity of
                  | mind. [potion of mutation]
 15390 | Lair:6   | Reached skill level 10 in Transmutations
 15749 | Lair:6   | Reached XP level 14. HP: 116/116 MP: 10/17
 15914 | Lair:6   | Found a staircase to the Slime Pits.
 16050 | Lair:6   | Found a runed translucent door.
 16967 | Lair:5   | Reached skill level 18 in Dodging
 17764 | Lair:2   | Found a staircase to the Shoals.
 18566 | D:10     | Entered Level 10 of the Dungeon
 18785 | D:10     | Found a portal to a secret trove of treasure.
 18947 | D:10     | Found a radiant altar of Vehumet.
 19499 | D:11     | Found a staircase to the Orcish Mines.
 19582 | Orc:1    | Entered Level 1 of the Orcish Mines
 19661 | Orc:2    | Entered Level 2 of the Orcish Mines
 19714 | Orc:2    | Reached skill level 19 in Dodging
 19776 | Orc:2    | Reached XP level 15. HP: 125/125 MP: 18/18
 19786 | Orc:2    | Found Fuiter's Jewellery Emporium.
 20039 | Orc:2    | Found Jephompo's General Store.
 20045 | Orc:2    | Found Pakogy's Jewellery Shop.
 20054 | Orc:2    | Found Povva's Book Emporium.
 20063 | Orc:2    | Bought a manual of Dodging for 1656 gold pieces
 20192 | Orc:2    | Reached skill level 20 in Dodging
 20357 | Orc:2    | Found a staircase to the Elven Halls.
 20759 | D:12     | Noticed Snorg
 20788 | D:12     | Killed Snorg
 20979 | D:12     | Reached skill level 21 in Dodging
 21766 | D:13     | Reached skill level 22 in Dodging
 21906 | D:13     | Found a gate to the Vaults.
 22699 | D:14     | Reached skill level 23 in Dodging
 23397 | D:15     | Entered Level 15 of the Dungeon
 23759 | D:14     | Reached XP level 16. HP: 133/133 MP: 16/19
 24030 | D:15     | Found a staircase to the Depths.
 24211 | D:15     | Noticed Rupert
 24408 | D:11     | Learned a level 6 spell: Statue Form
 24518 | Spider:1 | Entered Level 1 of the Spider Nest
 24525 | Spider:1 | Noticed Agnes
 24530 | Spider:1 | Killed Agnes
 24531 | Spider:1 | Reached skill level 1 in Earth Magic
 26212 | Spider:2 | You fall into a shaft and drop 1 floor!
 26217 | Spider:3 | Reached skill level 5 in Earth Magic
 26325 | Spider:2 | HP: 8/174 [demonic crawler (11)]
 26325 | Spider:2 | Slain by a demonic crawler

Illustrated notes

Levels and vault maps discovered:
D:1:      dpeg_arrival_houses_and_road, layout_loops_ring, minmay_octomino_j4
D:2:      layout_loops_ring
D:3:      gammafunk_wand_slinger, layout_rooms, old_standard_altar,
          serial_shops, shop
D:4:      cheibrodos_barr_body, layout_loops_ring, eino_tiny_chamber, uniq_ijyb
D:5:      layout_loops_ring, nzn_overflow_gifts_of_might_and_magic
D:6:      layout_gridville, lemuel_coloured_pillars_altar, ebering_ghost_gozag,
          uniq_edmund, uniq_maggie
D:7:      layout_basic, slow_altar_2, minmay_temple_entry_hall,
          minmay_misc_feat_columns
D:8:      layout_rooms, chequers_temple_overflow_minitemple,
          kennysheep_vampire_church, chequers_garden, minmay_chambers_of_fives
D:9:      layout_loops_cross, bloody_makhleb, nicolae_ru_path_of_blood,
          marbit_many_paths, grunt_lair_entry_orc_guard_hut, evilmike_minifort
D:10:     layout_rooms, kennysheep_mini_moat, nicolae_trove_entry_diagonal
D:11:     layout_big_octagon, david_orc_3
D:12:     layout_long_grid, uniq_snorg
D:13:     layout_basic, david_vaults_4
D:14:     layout_grid_maze
D:15:     grunt_enter_depths_hoard, layout_cave_pools, serial_rivers,
          chequers_serial_rivers_room_b, chequers_serial_rivers_small_3,
          chequers_serial_rivers_micro_a, chequers_serial_rivers_large_a,
          chequers_serial_rivers_marsh, fedhas_altar_fruit_tree, serial_shops,
          shop, uniq_rupert
Lair:1:   layout_loops_ring, wad_woods_river_01
Lair:2:   layout_regular_city, minmay_shoals_entry_beasts, serial_bayou_shore_a
Lair:3:   layout_gridlike, nicolae_spider_entry_tight_spaces,
          portal_ice_cave_entry_pillars_2
Lair:4:   layout_cave_shapes
Lair:5:   layout_roguey, amcnicky_mini_pool_medium
Lair:6:   wormcave, layout_hall_layers, guppyfry_lair_end_dragon,
          dpeg_slime_entry_corner, grunt_megastairs_1, lemuel_fruit_tree
Spider:1: layout_spider_delve, drop_trap, uniq_agnes
Spider:2: layout_spider_delve, ebering_ghost_inner_flame, drop_trap
Spider:3: layout_spider_delve, uniq_arachne
Orc:1:    layout_caves, guppyfry_library_mini
Orc:2:    st_orc_open, layout_caves, kennysheep_orc_chapel

Skill      XL: |  1  2  3  4  5  6  7  8  9 10 11 12 13 14 15 16 |
---------------+-------------------------------------------------+-----
Transmutations | 3 4 5 7 8 12 14 | 14.8
Poison Magic   | 1 2 |  2.0
Dodging        | 3 5 6 8 10 12 13 15 16 17 19 23 | 23.3
Ice Magic      | 2 3 |  3.0
Fighting       | 2 5 8 10 11 12 13 14 | 14.5
Unarmed Combat | 4 6 9 10 12 13 14 | 14.9
Earth Magic    | 5 |  5.0
Spellcasting   | |  2.0

Action                   |  1- 3 |  4- 6 |  7- 9 | 10-12 | 13-15 | 16-18 || total
-------------------------+-------+-------+-------+-------+-------+-------++-------
Melee: Unarmed           |   102 |   140 |   364 |   702 |   997 |   296 ||  2601
       Headbutt          |    13 |     2 |       |       |       |       ||    15
       Punch             |     2 |       |       |     1 |     1 |     1 ||     5
       Tailslap          |       |       |       |       |     3 |       ||     3
 Cast: Beastly Appendage |    16 |     2 |       |       |       |       ||    18
       Spider Form       |     3 |    19 |    35 |    27 |    30 |     1 ||   115
       Hydra Form        |       |       |       |    24 |    42 |    19 ||    85
       Ice Form          |       |       |       |    25 |    31 |     4 ||    60
Invok: Potion Petition   |       |       |       |     1 |     2 |     1 ||     4
       Call Merchant     |       |       |       |       |     3 |       ||     3
 Abil: End Transformatio |       |       |       |     1 |     3 |       ||     4
  Use: Scroll            |     3 |     2 |     3 |    10 |    13 |     1 ||    32
       Potion            |       |       |     5 |       |     3 |       ||     8
 Stab: Sleeping          |       |     1 |       |       |     1 |       ||     2
       Distracted        |       |       |     1 |     3 |     2 |       ||     6
Armor: Robe              |    23 |    10 |     3 |    17 |     2 |     1 ||    56
       Skin              |       |     3 |    32 |   103 |   118 |    66 ||   322
Dodge: Dodged            |    90 |   113 |   361 |   714 |  1033 |   470 ||  2781

Table legend: (Time is in decaauts)
 A = Elapsed time spent in this place.
 B = Non-inter-level travel time spent in this place.
 C = Inter-level travel time spent in this place.
 D = Time resting spent in this place.
 E = Time spent auto-exploring this place.
 F = Levels seen in this place.
 G = Mean time per level.
                   A        B        C        D        E       F      G
               +--------+--------+--------+--------+--------+-----+--------+
         Total |  25755 |  24548 |   1207 |   1796 |  17127 |  27 |  953.9 |
       Dungeon |  14205 |  13420 |    785 |    854 |   9670 |  15 |  947.0 |
          Lair |   8742 |   8380 |    362 |    514 |   6043 |   6 | 1457.0 |
   Spider Nest |   1387 |   1363 |     24 |    248 |    693 |   3 |  462.3 |
  Orcish Mines |   1007 |    972 |     35 |     75 |    608 |   2 |  503.5 |
      Ice Cave |    413 |    413 |      0 |    105 |    112 |   1 |  413.0 |
               +--------+--------+--------+--------+--------+-----+--------+

Top non-repeatable levels by time:
  Lair:6: 2506 daAuts
     D:9: 1593 daAuts
  Lair:3: 1568 daAuts
     D:1: 1529 daAuts
  Lair:4: 1324 daAuts
  Lair:1: 1317 daAuts
     D:8: 1199 daAuts
    D:14: 1164 daAuts
  Lair:2: 1069 daAuts
     D:4: 1064 daAuts
    D:12: 1004 daAuts
Spider:1: 992 daAuts
  Lair:5: 955 daAuts
     D:5: 943 daAuts
   Orc:2: 845 daAuts
